 Dungeon Crawl Stone Soup version 0.16.0-8-gd9ae3a8 (console) character file.

212 gw the Slasher (level 5, 0/49 HPs)
             Began as a Naga Fighter on Mar 16, 2015.
             Was an Initiate of Yredelemnul.
             Slain by a gnoll
             ... wielding a +0 flail
              (7 damage)
             ... on level 3 of the Dungeon.
             The game lasted 00:02:55 (2553 turns).

gw the Slasher (Naga Fighter)                       Turns: 2553, Time: 00:02:55

Health: 0/49       AC:  5    Str: 18    XL:     5   Next: 89%
Magic:  5/5        EV:  5    Int:  9    God:    Yredelemnul [......]
Gold:   120        SH:  9    Dex: 11    Spells: 0 memorised, 4 levels left

rFire  . . .     SeeInvis +     a - +0 long sword
rCold  . . .     Clarity  .     b - +0 scale mail
rNeg   + . .     SustAb   .     c - +0 shield
rPois  +         Gourm    .     (no helmet)
rElec  .         Spirit   .     (no cloak)
rCorr  .         Warding  +     (no gloves)
rMut   .         Stasis   .     (no barding)
MR     .....                    f - amulet of warding
Stlth  ..........               (no ring)
                                (no ring)

@: very slow, not resistant to hostile enchantments, extremely unstealthy
A: spit poison, see invisible, deformed body, poison resistance, slowness 2, AC
+1
a: Spit Poison, Renounce Religion


You were on level 3 of the Dungeon.
You worshipped Yredelemnul.
Yredelemnul was noncommittal.
You were hungry.

You visited 1 branch of the dungeon, and saw 3 of its levels.

You collected 120 gold pieces.

Inventory:

Hand weapons
 a - a +0 long sword (weapon)
Missiles
 h - 36 stones (quivered)
 m - 35 poisoned needles
Armour
 b - a +0 scale mail (worn)
 c - a +0 shield (worn)
Jewellery
 f - an amulet of warding (around neck)
Scrolls
 j - 2 scrolls of identify
 n - 3 scrolls of remove curse
Potions
 e - a potion of resistance {unknown}
 g - a potion of ambrosia
 i - a potion of curing
Comestibles
 d - a bread ration
 k - a meat ration


   Skills:
 + Level 3.6 Fighting
 * Level 3.6 Long Blades
 + Level 1.5 Throwing
 + Level 3.3 Armour
 + Level 3.1 Shields
 + Level 0.0 Invocations


You had 4 spell levels left.
You didn't know any spells.

Dungeon Overview and Level Annotations

Branches:
Dungeon (3/15)

Altars:
Qazlal
Yredelemnul


Innate Abilities, Weirdness & Mutations

You cannot wear boots.
You can spit poison.
Your serpentine skin is tough (AC +1).
You have supernaturally acute eyesight.
Armour fits poorly on your strangely shaped body.
Your system is resistant to poisons.
You cover ground very slowly.


Message History

You barely miss the gnoll. The gnoll barely misses you.
You block the gnoll's attack. The gnoll hits you with a flail!
The gnoll hits you with a spear. You block the gnoll's attack.
Unknown command.
Unknown command.
Unknown command.
Unknown command.
ATTACK MOVE TO (-1,1)
You barely miss the gnoll. You block the gnoll's attack.
The gnoll hits you but does no damage. You block the gnoll's attack.
Unknown command.
Unknown command.
Unknown command.
Unknown command.
ATTACK MOVE TO (-1,1)
You hit the gnoll!
The gnoll is severely wounded.
The gnoll hits you with a flail!
You die...
Your body rises from the dead as a mindless zombie.

..#.#
#........######
..# .....#
#.............####
#.# .....#
#.......#####....#
.. .....#
#..............#.#
#.# ..>#
##...#+###.....#.#
.# #.### #.#.#.###
.# #.# ###.#...#
#...#...#
#N###...#
.......ggg.......
................
.....$......####
..............
...#####+###. ##


You could see 3 gnolls.

Table legend:
 A = Turns spent in this place as a percentage of turns spent in the entire game.
 B = Non-inter-level travel turns spent in this place as a percentage of non-inter-level travel turns spent in the entire game.
 C = Inter-level travel turns spent in this place as a percentage of turns spent in this place.
 D = Turns resting spent in this place as a percentage of non-inter-level travel turns spent in this place.
 E = Turns spent auto-exploring this place as a percentage of non-inter-level travel turns spent in this place.
 F = Non-inter-level travel turns spent in this place divided by the number of levels of this place that you've seen.
                   A       B       C       D       E      F
               +-------+-------+-------+-------+-------+----------------------
         Total | 100.0 | 100.0 |   1.7 |   1.0 |   2.2 | 1367.7
       Dungeon | 100.0 | 100.0 |   1.7 |   1.0 |   2.2 | 1367.7
               +-------+-------+-------+-------+-------+----------------------

Table legend:
 A = Kills in this place as a percentage of kills in entire the game.
 B = Kills by you in this place as a percentage of kills by you in the entire game.
 C = Kills by friends in this place as a percentage of kills by friends in the entire game.
 D = Other kills in this place as a percentage of other kills in the entire game.
 E = Experience gained in this place as a percentage of experience gained in the entire game.
 F = Experience gained in this place divided by the number of levels of this place that you have seen.
                   A       B       C       D       E      F
               +-------+-------+-------+-------+-------+----------------------
         Total | 100.0 | 100.0 |  -nan |  -nan | 100.0 | 101.0
       Dungeon | 100.0 | 100.0 |  -nan |  -nan | 100.0 | 101.0
               +-------+-------+-------+-------+-------+----------------------

Vanquished Creatures
  The ghost of gw the Stinger, an average DEVM (D:3)
  5 adders
  2 worms (D:2)
  An ooze (D:2)
  4 orcs (D:3)
  2 ball pythons (D:2)
  8 goblins
  3 hobgoblins
  4 jackals (D:2)
  4 bats
  4 giant cockroaches
  4 giant newts
  A kobold (D:1)
  8 rats
51 creatures vanquished.

Notes
Turn   | Place    | Note
--------------------------------------------------------------
     0 | D:1      | gw, the Naga Fighter, began the quest for the Orb.
     0 | D:1      | Reached XP level 1. HP: 21/21 MP: 1/1
   608 | D:1      | Reached XP level 2. HP: 18/28 MP: 2/2
  1159 | D:2      | Reached XP level 3. HP: 21/34 MP: 3/3
  1312 | D:2      | Found a stormy altar of Qazlal.
  1436 | D:2      | Reached skill level 1 in Throwing
  1574 | D:2      | Reached XP level 4. HP: 42/42 MP: 4/4
  2224 | D:3      | Noticed gw's ghost (average DEVM)
  2263 | D:3      | Killed gw's ghost
  2263 | D:3      | Reached XP level 5. HP: 21/49 MP: 5/5
  2476 | D:3      | Found a basalt altar of Yredelemnul.
  2485 | D:3      | Became a worshipper of Yredelemnul the Dark
  2553 | D:3      | Slain by a gnoll

Action                   |  1- 3 |  4- 6 || total
-------------------------+-------+-------++-------
Melee: Long sword        |    66 |    96 ||   162
Throw: Stone             |     5 |    37 ||    42
 Abil: Spit Poison       |     7 |     7 ||    14
  Use: Potion            |     6 |     2 ||     8
       Scroll            |     5 |     1 ||     6
  Eat: Chunk             |     3 |     3 ||     6

Vault maps used:
D:1:      saegor_arrival_simple_e, minmay_fountain_box, minmay_stone_trees_small
D:2:      nicolae_overflow_hidden_temple
D:3:      amethyst_overflow_temple_binary, yredelemnul_altar_generic
